 Dungeon Crawl Stone Soup version 0.16-a0-4023-g001212b (console) character file.

122 Monkaria the Skirmisher (level 4, -1/44 (45) HPs)
             Began as a Minotaur Chaos Knight on Feb 18, 2015.
             Slain by an orc
             ... wielding a +0 war axe
              (9 damage)
             ... on level 3 of the Dungeon.
             The game lasted 00:04:55 (2131 turns).

Monkaria the Skirmisher (Minotaur Chaos Knight)     Turns: 2131, Time: 00:04:56

HP:   -1/44 (45)    AC:  7    Str: 18    XL:     4   Next: 78%
MP:   2/2           EV: 11    Int:  9    God:    Xom [.*....]
Gold: 173           SH:  0    Dex:  9    Spells: 0 memorised, 3 levels left

rFire  . . .     SeeInvis .     a - +0 falchion (chaos)
rCold  . . .     Clarity  .     b - +2 leather armour
rNeg   . . .     SustAb   .     (no shield)
rPois  .         Gourm    .     (helmet restricted)
rElec  .         Spirit   .     (no cloak)
rCorr  .         Warding  .     (no gloves)
rMut   .         Rnd*Tele +     (no boots)
MR     .....                    e - amulet of inaccuracy (curse)
Stlth  +.........               o - ring of teleportation (curse)
                                k - +2 ring of protection

@: drained, not resistant to hostile enchantments, very unstealthy
A: retaliatory headbutt, horns 2
a: Renounce Religion, Evoke Teleportation


You were on level 3 of the Dungeon.
You worshipped Xom.
You were a plaything of Xom.
You were not hungry.

You visited 1 branch of the dungeon, and saw 3 of its levels.

You collected 173 gold pieces.

Inventory:

Hand weapons
 a - a +0 falchion of chaos (weapon)
Armour
 b - a +2 leather armour (worn)
 p - a +2 large shield
Jewellery
 e - a cursed amulet of inaccuracy (around neck)
 f - an uncursed amulet of faith
 i - an uncursed amulet of guardian spirit
 k - a +2 ring of protection (left hand)
 o - a cursed ring of teleportation (right hand)
Scrolls
 g - a scroll of recharging
 h - a scroll of enchant weapon
 j - a scroll of immolation
 l - a scroll of noise
 m - 2 scrolls of teleportation
 s - a scroll of fear {unknown}
Potions
 n - a potion of curing
 q - 2 potions of heal wounds {unknown}
Comestibles
 c - 3 bread rations
 d - a beef jerky
 r - 3 chunks of flesh


   Skills:
 + Level 6.7 Fighting
 - Level 3.6 Long Blades
 - Level 2.4 Armour
 - Level 1.1(1.0) Dodging


You had 3 spell levels left.
You didn't know any spells.

Dungeon Overview and Level Annotations

Branches:
Dungeon (3/15)

Altars:


Innate Abilities, Weirdness & Mutations

You reflexively headbutt those who attack you in melee.
You have a pair of horns on your head.


Message History

You are too injured to fight recklessly!
You are too injured to fight recklessly!
You are too injured to fight recklessly!
You are too injured to fight recklessly!
You are too injured to fight recklessly!
You are too injured to fight recklessly!
You are too injured to fight recklessly!
You are too injured to fight recklessly!
You are too injured to fight recklessly!
Unknown command.
You hit the adder.
The adder is poisoned.
The adder is heavily wounded.
The orc closely misses you. The orc hits you but does no damage.
The orc hits you but does no damage. The adder bites you.
* * * LOW HITPOINT WARNING * * *
You miss the adder. You headbutt the adder.
You kill the adder!
The orc closely misses you. The orc hits you with a war axe!
You die... "It was about time."

##...........# .
##............#
...#####.<#..........#
........#.......(...#
.......##............#
####..............##
##.................##
#<..#..†o...............#
#....o@...............#
#...#.o†...............#
.......................#
....#.[...........)....#
##. ##########.........#
. #.......#.# #.....###.#
###.#...... .. ##.#####..


You could see 3 orcs.

Vanquished Creatures
  An iguana (D:3)
  4 adders
  2 giant geckos
  An orc (D:3)
  3 ball pythons
  3 giant cockroaches
  7 hobgoblins
  A quokka (D:2)
  7 bats
  A giant newt (D:2)
  9 goblins
  8 kobolds
  10 rats
57 creatures vanquished.

Notes
Turn   | Place    | Note
--------------------------------------------------------------
     0 | D:1      | Monkaria, the Minotaur Chaos Knight, began the quest for the Orb.
     0 | D:1      | Reached XP level 1. HP: 19/19 MP: 1/1
    25 | D:1      | XOM: divination: detect items
    37 | D:1      | Reached skill level 4 in Fighting
   159 | D:1      | Reached XP level 2. HP: 27/27 MP: 1/1
   509 | D:2      | XOM: noise
   537 | D:2      | XOM: divination: magic mapping
   567 | D:2      | Reached skill level 5 in Fighting
   606 | D:2      | Reached XP level 3. HP: 34/36 MP: 2/2
   687 | D:2      | XOM: 3-stop teleportation journey
   820 | D:2      | XOM: mild Necr miscast
   862 | D:2      | XOM: medium Pois miscast
  1035 | D:2      | XOM: 3-stop teleportation journey
  1336 | D:2      | Reached skill level 6 in Fighting
  1336 | D:2      | Reached XP level 4. HP: 9/43 MP: 2/2
  1361 | D:2      | XOM: mild Trmt miscast
  1930 | D:2      | XOM: divination: detect creatures
  2065 | D:3      | XOM: butterfly on damage
  2131 | D:3      | Slain by an orc

Action                   |  1- 3 |  4- 6 || total
-------------------------+-------+-------++-------
Melee: Falchion          |   124 |    22 ||   146
  Use: Potion            |     2 |       ||     2
       Scroll            |     6 |       ||     6
  Eat: Chunk             |     1 |       ||     1
       Meat ration       |       |     1 ||     1
